 Dungeon Crawl Stone Soup version 0.28.0-53-g5a82cb258f (webtiles) character file.

Game seed: 2470661064442540744

122 Rusty3 the Twirler (level 4, -1/60 HPs)
             Began as a Minotaur Gladiator on June 1, 2022.
             Slain by an orc
             ... wielding a +0 trident
              (6 damage)
             ... on level 3 of the Dungeon.
             The game lasted 00:06:53 (2402 turns).

Rusty3 the Twirler (Minotaur Gladiator)             Turns: 2402, Time: 00:06:53

Health: -1/60      AC: 22    Str: 19    XL:     4   Next: 78%
Magic:  3/3        EV:  2    Int:  5    God:
Gold:   113        SH:  5    Dex: 13    Spells: 3/3 levels left

rFire   . . .      SeeInvis .   a - +0 quarterstaff
rCold   . . .      Faith    .   (shield currently unavailable)
rNeg    . . .      Spirit   .   (armour currently unavailable)
rPois   +          Reflect  +   (helmet currently unavailable)
rElec   .          Harm     .   (cloak currently unavailable)
rCorr   .          Rampage  .   (gloves currently unavailable)
Will    .....      NoTele   +   (boots currently unavailable)
Stlth   +.........              e - amulet of reflection
HPRegen 0.20/turn               (no ring)
MPRegen 0.08/turn               (no ring)

@: tree-form
A: stationary, stasis, torment immunity, boosted hp, (horns 2), (retaliatory
headbutt)
a: no special abilities


You were on level 3 of the Dungeon.
You were a tree.
You visited 1 branch of the dungeon, and saw 3 of its levels.

You collected 113 gold pieces.

Inventory:

Hand Weapons
 a - a +0 quarterstaff (weapon)
Missiles
 d - 4 throwing nets (quivered)
 h - 42 sling bullets
 p - 10 stones
Armour
 b - a +0 leather armour (melded)
 c - a +0 hat (melded)
 l - a +0 ring mail
Jewellery
 e - an amulet of reflection (around neck)
 j - a ring of ice
Scrolls
 f - 2 scrolls of magic mapping {unknown}
 i - a scroll of enchant armour {unknown}
 k - a scroll of amnesia {unknown}
 m - 2 scrolls of noise {unknown}
Potions
 g - 2 potions of curing {unknown}
 n - a potion of brilliance {unknown}
 o - 2 potions of lignification


   Skills:
 + Level 4.0 Fighting
 + Level 4.8 Staves
 - Level 2.0 Throwing
 + Level 1.1 Armour
 - Level 4.2 Dodging


You had 3 spell levels left.
You didn't know any spells.
Your spell library contained the following spells:

 Spells                   Type           Power      Damage    Failure   Level
 Magic Dart               Conj           0%         1d3       47%         1
 Call Imp                 Summ           0%         N/A       63%         2
 Corpse Rot               Necr/Air       0%         N/A       63%         2
 Mephitic Cloud           Conj/Pois/Air  0%         N/A       85%         3
 Dispel Undead            Necr           0%         3d6       99%         4
 Death Channel            Necr           0%         N/A       100%        6


Dungeon Overview and Level Annotations

Branches:
Dungeon (3/15)

Altars:
Xom


Innate Abilities, Weirdness & Mutations

You are a tree.
Your roots penetrate the ground, keeping you stationary.
You cannot be teleported.
You are immune to unholy pain and torment.
Your maximum health is greatly increased.
Your equipment is partially melded.
((You have a pair of horns on your head.))
((You reflexively headbutt those who attack you in melee.))


Message History

Your roots penetrate the ground.
The orc hits you but does no damage. x2
You hit the worm but do no damage. The orc hits you but does no damage. x2
The worm bites you.
* * * LOW HITPOINT WARNING * * *
The orc hits you with a +0 club.
* * * LOW HITPOINT WARNING * * *
You hit the worm.
The worm is lightly wounded.
You block the orc's attack. The orc hits you but does no damage. x2
You sock the worm!
The worm is severely wounded.
The orc hits you but does no damage. The worm bites you but does no damage.
The orc hits you with a +0 whip.
* * * LOW HITPOINT WARNING * * *
The orc hits you but does no damage.
You hit the worm but do no damage.
The worm is heavily wounded.
The orc hits you but does no damage. The orc barely misses you.
The orc hits you but does no damage. The worm bites you but does no damage.
You hit the worm.
The worm is severely wounded.
The orc hits you but does no damage. x3
You barely miss the worm.
The worm is severely wounded.
A kobold comes into view. It is wielding a +0 whip.
You block the orc's attack. x3; The worm bites you but does no damage.
You sock the worm!
You kill the worm!
The orc hits you but does no damage. x2; You block the orc's attack.
The orc completely misses you.
You thump the orc!
You kill the orc!
The orc hits you but does no damage.
The kobold throws a stone.
The stone hits you but does no damage. You block the orc's attack.
The orc hits you but does no damage.
You thump the orc!
You kill the orc!
The kobold throws a stone.
The stone hits you but does no damage.
The orc hits you from afar with a +0 trident.
You die...

..... #...)[......#....
..#oo###........)....... .
..o..................#..
..........................
....................).).##
....#.####.)......†.......
..$.. #...........####.
......#####o...........###
....K....♣)......#####....
........).................
.......###################
....... ......! .......
....... ..#..$#


You could see an orc and a kobold.

Vanquished Creatures
  An orc priest (D:3)
  2 adders
  2 worms
  A dart slug (D:2)
  6 orcs
  6 endoplasms
  A giant cockroach (D:2)
  14 hobgoblins
  A kobold (D:1)
  2 quokkas (D:1)
  4 ball pythons
  5 bats (D:1)
  5 frilled lizards
  5 goblins
  4 rats
59 creatures vanquished.

Notes
Turn   | Place    | Note
-------+----------+-------------------------------------------
     0 | D:1      | Rusty3 the Minotaur Gladiator began the quest for the Orb.
     0 | D:1      | Reached XP level 1. HP: 18/18 MP: 0/0
   230 | D:1      | Reached XP level 2. HP: 17/25 MP: 1/1
   750 | D:1      | Reached XP level 3. HP: 31/31 MP: 2/2
  1288 | D:2      | Found a shimmering altar of Xom.
  1861 | D:2      | Reached XP level 4. HP: 29/38 MP: 3/3
  2391 | D:3      | Reached skill level 1 in Armour
  2396 | D:3      | HP: 3/60 [orc/+0 whip (1)]
  2402 | D:3      | Slain by an orc

Illustrated notes

Levels and vault maps discovered:
D:1:      tarquinn_simple_flora_water_b, layout_loops_ring, minivault_19,
          chequers_avenue
D:2:      minmay_razor_zed, layout_loops_ring, basic_altar
D:3:      layout_rooms, serial_shops, nicolae_square_shop,
          mrwooster_statue_mirror

Skill      XL: |  1  2  3  4 |
---------------+-------------+-----
Staves         | 4 |  4.8
Fighting       | 3 4 |  4.0
Dodging        | 4 |  4.2
Armour         | 1 |  1.1
Throwing       | |  2.0

Action                   |  1- 3 |  4- 6 || total
-------------------------+-------+-------++-------
Melee: Quarterstaff      |    84 |    34 ||   118
       Headbutt          |    13 |     5 ||    18
  Use: Potion            |       |     1 ||     1
 Stab: Sleeping          |     1 |       ||     1
Armor: Leather armour    |    17 |     8 ||    25
       Skin              |       |    22 ||    22
Dodge: Dodged            |    41 |    15 ||    56
Block: Other             |     8 |    10 ||    18
